 Dungeon Crawl Stone Soup version 0.29-a0-284-gf9362112df (webtiles) character file.

Game seed: 17703177453793243089

221 yunder69 the Slasher (level 5, -5/47 HPs)
             Began as a Gnoll Berserker on Mar 22, 2022.
             Was a Believer of Trog.
             Slain by a gnoll
             ... wielding a +0 halberd
              (8 damage)
             ... on level 4 of the Dungeon.
             The game lasted 00:09:40 (3352 turns).

yunder69 the Slasher (Gnoll Berserker)              Turns: 3352, Time: 00:09:40

Health: -5/47      AC: 11    Str: 18    XL:     5   Next: 98%
Magic:  7/7        EV:  9    Int:  6    God:    Trog [**....]
Gold:   103        SH:  0    Dex: 12    Spells: 7/7 levels left

rFire   . . .      SeeInvis .   o - +3 quarterstaff (chaos)
rCold   . . .      Faith    .   (shield currently unavailable)
rNeg    . . .      Spirit   .   i - +0 chain mail
rPois   .          Reflect  .   (no helmet)
rElec   .          Harm     .   p - +0 cloak
rCorr   .          Rampage  .   (no gloves)
Will    ++...                   (no boots)
Stlth   ..........              (no amulet)
HPRegen 1.15/turn               (no ring)
MPRegen 0.10/turn               (no ring)

@: mighty, strong-willed, regenerating
A: fangs 1, strong nose, distributed training
a: Renounce Religion, Berserk, Trog's Hand


You were on level 4 of the Dungeon.
You worshipped Trog.
Trog was pleased with you.
You visited 1 branch of the dungeon, and saw 4 of its levels.

You collected 103 gold pieces.

Inventory:

Hand Weapons
 o - a +3 quarterstaff of chaos (weapon)
Missiles
 e - 2 javelins (quivered)
 g - 126 stones
 h - 3 poisoned darts
Armour
 i - a +0 chain mail (worn)
 p - a +0 cloak (worn)
Scrolls
 a - a scroll of identify
 k - a scroll of fear {unknown}
 r - 3 scrolls of teleportation {unknown}
Potions
 d - a potion of ambrosia {unknown}
 j - a potion of cancellation
 m - a potion of attraction
 n - a potion of flight {unknown}
 q - a potion of lignification {unknown}


   Skills:
 + Level 6.7 Fighting
 + Level 1.7 Short Blades
 + Level 6.7 Long Blades
 + Level 1.7 Axes
 + Level 1.7 Maces & Flails
 + Level 1.7 Polearms
 + Level 1.7 Staves
 + Level 1.7 Slings
 + Level 1.7 Bows
 + Level 1.7 Crossbows
 + Level 1.7 Throwing
 + Level 4.9 Armour
 + Level 4.9 Dodging
 + Level 1.7 Stealth
 + Level 1.7 Shields
 + Level 1.7 Unarmed Combat
 + Level 1.7 Spellcasting
 + Level 1.3 Conjurations
 + Level 1.3 Hexes
 + Level 1.3 Summonings
 + Level 1.3 Necromancy
 + Level 1.3 Translocations
 + Level 1.3 Transmutations
 + Level 1.3 Fire Magic
 + Level 1.3 Ice Magic
 + Level 1.3 Air Magic
 + Level 1.3 Earth Magic
 + Level 1.3 Poison Magic
 + Level 1.9 Invocations
 + Level 1.7 Evocations


You had 7 spell levels left.
You didn't know any spells.
Your spell library contained the following spells:

 Spells                   Type           Power      Damage    Failure   Level
 Ensorcelled Hibernation  Hex/Ice        4%         N/A       99%         2
 Spider Form              Tmut/Pois      2%         N/A       100%        3
 Anguish                  Hex/Necr       1%         N/A       100%        4


Dungeon Overview and Level Annotations

Branches:
Dungeon (4/15)
 Temple: D:4-7

Altars:
Dithmenos
Sif Muna

Shops:
D:1 :*


Innate Abilities, Weirdness & Mutations

You have very sharp teeth.
Your uncanny sense of smell can sniff out nearby items.
Your experience applies equally to all skills.


Message History

You sock the gnoll!
You kill the gnoll!
Trog accepts your kill. The quokka closely misses you.
The gnoll hits you with a +0 whip.
The gnoll hits you from afar with a +0 halberd.
The quokka bites you but does no damage.
You sock the gnoll! Lightning courses through the gnoll!!
You kill the gnoll!
Trog accepts your kill. The gnoll closely misses you. The quokka bites you.
You miss the quokka.
The quokka bites you but does no damage.
The gnoll hits you from afar with a +0 halberd!
You closely miss the quokka. The quokka closely misses you.
The gnoll barely misses you. The quokka bites you.
The gnoll hits you from afar with a +0 halberd.
You are too injured to fight recklessly!
You are too injured to fight recklessly!
You completely miss the quokka. Your bite misses the quokka.
Your hearing returns.
The quokka bites you but does no damage.
The gnoll closely misses you.
You closely miss the quokka. The quokka bites you.
The gnoll hits you from afar with a +0 halberd!
* * * LOW HITPOINT WARNING * * *
The quokka bites you but does no damage.
You feel very mighty all of a sudden. The quokka misses you.
The gnoll hits you from afar with a +0 halberd.
* * * LOW HITPOINT WARNING * * *
You sock the quokka! You freeze the quokka.
You kill the quokka!
Trog accepts your kill. The gnoll completely misses you.
Your skin crawls.
You feel strong-willed.
The gnoll hits you from afar with a +0 halberd.
* * * LOW HITPOINT WARNING * * *
The gnoll hits you with a +0 halberd!
You die...

#########.## ###
#...<....... ..#
#.####.####. # #.#
#.# # #.##.# #.#
...# #.#
#.#.##.###.####.#
#...g@...........
#...##)###..##....
#.. #.# ##.# ## #
#.# ... #.# ....
... ∆...... ..#
...... ..# $##.


You could see a gnoll.

Vanquished Creatures
  Crazy Yiuf (D:2)
  Natasha (thrice) (D:2)
  2 gnolls (D:4)
  2 adders
  2 worms
  2 dart slugs (D:1)
  8 endoplasms
  A giant cockroach (D:1)
  8 goblins
  8 hobgoblins
  3 jackals (D:1)
  2 quokkas
  7 ball pythons
  5 bats
  2 frilled lizards
  9 kobolds
  9 rats
74 creatures vanquished.

Notes
Turn   | Place    | Note
-------+----------+-------------------------------------------
     0 | D:1      | yunder69 the Gnoll Berserker began the quest for the Orb.
     0 | D:1      | Reached XP level 1. HP: 23/23 MP: 1/1
   138 | D:1      | Reached XP level 2. HP: 28/29 MP: 2/2
   187 | D:1      | Found Qaof's Book Boutique.
   223 | D:1      | Found Suskal's General Store.
   481 | D:1      | Reached XP level 3. HP: 30/35 MP: 3/3
   827 | D:1      | Reached ** piety under Trog
   844 | D:1      | Found a faded altar of an unknown god.
  1200 | D:2      | Reached skill level 1 in Invocations
  1560 | D:2      | Reached skill level 1 in Short Blades
  1560 | D:2      | Reached skill level 1 in Axes
  1560 | D:2      | Reached skill level 1 in Maces & Flails
  1560 | D:2      | Reached skill level 1 in Polearms
  1560 | D:2      | Reached skill level 1 in Staves
  1560 | D:2      | Reached skill level 1 in Slings
  1560 | D:2      | Reached skill level 1 in Bows
  1560 | D:2      | Reached skill level 1 in Crossbows
  1560 | D:2      | Reached skill level 1 in Throwing
  1560 | D:2      | Reached skill level 1 in Stealth
  1560 | D:2      | Reached skill level 1 in Shields
  1560 | D:2      | Reached skill level 1 in Unarmed Combat
  1560 | D:2      | Reached skill level 1 in Spellcasting
  1560 | D:2      | Reached skill level 1 in Evocations
  1658 | D:2      | Reached XP level 4. HP: 41/41 MP: 5/5
  1774 | D:2      | Found a runed translucent door.
  1775 | D:2      | Noticed Crazy Yiuf
  1884 | D:2      | Found a shimmering blue altar of Sif Muna.
  1913 | D:2      | Noticed Natasha
  1922 | D:2      | Killed Natasha
  1923 | D:2      | Reached skill level 1 in Conjurations
  1923 | D:2      | Reached skill level 1 in Hexes
  1923 | D:2      | Reached skill level 1 in Summonings
  1923 | D:2      | Reached skill level 1 in Necromancy
  1923 | D:2      | Reached skill level 1 in Translocations
  1923 | D:2      | Reached skill level 1 in Transmutations
  1923 | D:2      | Reached skill level 1 in Fire Magic
  1923 | D:2      | Reached skill level 1 in Ice Magic
  1923 | D:2      | Reached skill level 1 in Air Magic
  1923 | D:2      | Reached skill level 1 in Earth Magic
  1923 | D:2      | Reached skill level 1 in Poison Magic
  2084 | D:2      | Killed Crazy Yiuf
  2085 | D:2      | Reached XP level 5. HP: 47/47 MP: 5/7
  2159 | D:2      | Noticed Natasha
  2172 | D:2      | Killed Natasha
  2194 | D:2      | Noticed Natasha
  2205 | D:2      | Killed Natasha
  2808 | D:3      | Found a shadowy altar of Dithmenos.
  3351 | D:4      | HP: 2/47 [gnoll/+0 halberd (3)]
  3352 | D:4      | Slain by a gnoll

Illustrated notes

Levels and vault maps discovered:
D:1:      lightli_arrival_flooded_house, layout_rooms, serial_shops,
          nicolae_shop_hallway_stairs, nicolae_shop_statue_plus,
          hellmonk_ecumenical_altar_inner_sanctum
D:2:      minmay_kobold_bridge, layout_basic, basic_altar,
          uniq_crazy_yiuf_cottage, uniq_natasha
D:3:      layout_loops_ring, grunt_dithmenos_smoke
D:4:      layout_loops_ring, general_overflow_altar, nicolae_ru_awakened_eye

Skill      XL: |  1  2  3  4 |
---------------+-------------+-----
Invocations    | 1 |  1.9
Short Blades   | 1 |  1.7
Axes           | 1 |  1.7
Maces & Flails | 1 |  1.7
Polearms       | 1 |  1.7
Staves         | 1 |  1.7
Slings         | 1 |  1.7
Bows           | 1 |  1.7
Crossbows      | 1 |  1.7
Throwing       | 1 |  1.7
Stealth        | 1 |  1.7
Shields        | 1 |  1.7
Unarmed Combat | 1 |  1.7
Spellcasting   | 1 |  1.7
Evocations     | 1 |  1.7
Conjurations   | 1 |  1.3
Hexes          | 1 |  1.3
Summonings     | 1 |  1.3
Necromancy     | 1 |  1.3
Translocations | 1 |  1.3
Transmutations | 1 |  1.3
Fire Magic     | 1 |  1.3
Ice Magic      | 1 |  1.3
Air Magic      | 1 |  1.3
Earth Magic    | 1 |  1.3
Poison Magic   | 1 |  1.3
Fighting       | |  6.7
Long Blades    | |  6.7
Armour         | |  4.9
Dodging        | |  4.9

Action                   |  1- 3 |  4- 6 || total
-------------------------+-------+-------++-------
Melee: Falchion          |   116 |    45 ||   161
       Bite              |     9 |    10 ||    19
       Quarterstaff      |       |    43 ||    43
       Punch             |       |     1 ||     1
Invok: Berserk           |     2 |     3 ||     5
       Trog's Hand       |       |     1 ||     1
  Use: Scroll            |       |     5 ||     5
       Potion            |       |     1 ||     1
 Stab: Sleeping          |     4 |     1 ||     5
Armor: Animal skin       |     8 |       ||     8
       Leather armour    |    13 |     3 ||    16
       Chain mail        |       |    26 ||    26
Dodge: Dodged            |    81 |    61 ||   142

Table legend: (Time is in decaauts)
 A = Elapsed time spent in this place.
 B = Non-inter-level travel time spent in this place.
 C = Inter-level travel time spent in this place.
 D = Time resting spent in this place.
 E = Time spent auto-exploring this place.
 F = Levels seen in this place.
 G = Mean time per level.
                   A        B        C        D        E       F      G
               +--------+--------+--------+--------+--------+-----+--------+
         Total |   3405 |   2684 |    721 |      6 |   2022 |   4 |  851.2 |
       Dungeon |   3405 |   2684 |    721 |      6 |   2022 |   4 |  851.2 |
               +--------+--------+--------+--------+--------+-----+--------+

Top non-repeatable levels by time:
     D:2: 1249 daAuts
     D:1: 1185 daAuts
     D:3: 913 daAuts
     D:4: 57 daAuts
